 Dungeon Crawl Stone Soup version 0.29-a0-25-g7f48f510a0 (webtiles) character file.

Game seed: 3834111235908838277

21 HallandMoats the Skirmisher (level 2, 0/19 HPs)
             Began as a Gargoyle Monk on Jan 31, 2022.
             Was an Initiate of Gozag.
             Killed from afar by a dart slug (1 damage)
             ... with a slug dart
             ... on level 2 of the Dungeon.
             The game lasted 00:01:07 (1138 turns).

HallandMoats the Skirmisher (Gargoyle Monk)         Turns: 1138, Time: 00:01:08

Health: 0/19       AC:  4    Str: 14    XL:     2   Next: 87%
Magic:  2/2        EV: 12    Int: 10    God:    Gozag
Gold:   116        SH:  0    Dex: 12    Spells: 1/1 levels left

rFire   . . .      SeeInvis .   a - +0 hand axe
rCold   . . .      Faith    .   (no shield)
rNeg    + . .      Spirit   .   b - +0 robe
rPois   ∞          Reflect  .   (no helmet)
rElec   +          Harm     .   (no cloak)
rCorr   .          Rampage  .   (no gloves)
Will    .....                   (no boots)
Stlth   ++........              (no amulet)
HPRegen 0.06/turn               (no ring)
MPRegen 0.08/turn               (no ring)

@: no status effects
A: sickness immunity, AC +2, negative energy resistance 1, electricity
resistance, torment resistance 1, petrification resistance
a: Renounce Religion, Potion Petition, Call Merchant, Bribe Branch


You were on level 2 of the Dungeon.
You worshipped Gozag.
Gozag was aware of your devotion.
You visited 1 branch of the dungeon, and saw 2 of its levels.

You collected 116 gold pieces.

Inventory:

Hand Weapons
 a - a +0 hand axe (weapon)
Armour
 b - a +0 robe (worn)
Scrolls
 c - a scroll of amnesia {unknown}
 d - a scroll of identify {unknown}
 e - a scroll of enchant armour {unknown}
 f - a scroll of silence {unknown}
Potions
 g - a potion of lignification {unknown}


   Skills:
 * Level 3.6 Fighting
 * Level 2.9 Axes
 + Level 0.5 Armour
 + Level 2.5 Dodging
 - Level 2.1 Stealth
 * Level 1.2 Invocations


You had one spell level left.
You didn't know any spells.
Your spell library contained the following spells:

 Spells                   Type           Power      Damage    Failure   Level
 Static Discharge         Conj/Air       0%         N/A       50%         2
 Dispel Undead            Necr           0%         3d6       98%         4
 Sticky Flame             Conj/Fire      0%         2d3       98%         4


Dungeon Overview and Level Annotations

Branches:
Dungeon (2/15)

Altars:
Gozag


Innate Abilities, Weirdness & Mutations

You are immune to sickness and miasma.
Your stone body is resilient. (AC +2)
You are immune to poison.
You resist negative energy. (rN+)
You are resistant to electric shocks. (rElec)
You are resistant to unholy torment.
You are immune to petrification.


Message History

You kill the quokka!
You hit the hobgoblin but do no damage. The hobgoblin barely misses you.
You hit the hobgoblin.
You kill the hobgoblin!
The dart slug bites you but does no damage.
You see here 23 gold pieces.
The goblin shouts!
The adder is distracted by your dazzling golden aura.
You see here 7 gold pieces.
Found a stone staircase leading down.
The adder hisses angrily.
You hit the dart slug but do no damage. You hit the dart slug but do no damage.
The dart slug is distracted by your dazzling golden aura.
You catch the helpless dart slug completely off-guard!
You slash the dart slug!
The dart slug is no longer distracted by gold.
The dart slug is severely wounded.
The adder is no longer distracted by gold.
The dart slug bites you.
* * * LOW HITPOINT WARNING * * *
The goblin hits you with a +0 club.
* * * LOW HITPOINT WARNING * * *
The dart slug bites you but does no damage.
The goblin closely misses you.
An adder comes into view.
The adder hisses angrily.
An adder comes into view.
The adder misses you. The adder misses you.
Found 2 ruby potions.
The adder hisses angrily.
The adder bites you.
* * * LOW HITPOINT WARNING * * *
The adder barely misses you.
A frilled lizard comes into view.
The dart slug launches a dart at you. The slug dart hits you.
You die...
Your body crumbles into a pile of gold.

.$.....###............
$......##...............
.........w..............
........##.............
........##.......##..##.
.........#......S.#.....
.........###.g....!....#
.........##.....S.....##
...>...#.##....S@.......
#.....##.##..........###
#............. $
...............
..#.............
#.#.............
#......l......
.............# $


You could see 3 adders, a dart slug, a goblin and a frilled lizard (asleep).

Vanquished Creatures
  3 bats
  An endoplasm (D:1)
  3 hobgoblins
  3 jackals (D:1)
  A quokka (D:2)
  4 frilled lizards
  2 kobolds (D:1)
  3 rats
20 creatures vanquished.

Notes
Turn   | Place    | Note
-------+----------+-------------------------------------------
     0 | D:1      | HallandMoats the Gargoyle Monk began the quest for the Orb.
     0 | D:1      | Reached XP level 1. HP: 14/14 MP: 1/1
    28 | D:1      | Reached XP level 2. HP: 4/19 MP: 2/2
   475 | D:1      | Found a faded altar of an unknown god.
   554 | D:1      | Prayed at the altar of an unknown god.
   554 | D:1      | Became a worshipper of Gozag Ym Sagoz the Greedy
  1080 | D:2      | Reached skill level 1 in Invocations
  1138 | D:2      | Killed from afar by a dart slug

Illustrated notes

Levels and vault maps discovered:
D:1:      wander_arrival_fairy_ring, layout_basic, basic_ecumenical_altar
D:2:      layout_rooms, basic_altar, grunt_ministairs_9

Skill      XL: |  1  2 |
---------------+-------+-----
Invocations    | 1 |  1.2
Fighting       | |  3.6
Axes           | |  2.9
Armour         | |  0.5
Dodging        | |  2.5
Stealth        | |  2.1

Action                   || total
-------------------------++-------
Melee: Hand axe          ||    61
 Stab: Distracted        ||     1
       Sleeping          ||     1
Armor: Robe              ||    24
Dodge: Dodged            ||    61

Table legend: (Time is in decaauts)
 A = Elapsed time spent in this place.
 B = Non-inter-level travel time spent in this place.
 C = Inter-level travel time spent in this place.
 D = Time resting spent in this place.
 E = Time spent auto-exploring this place.
 F = Levels seen in this place.
 G = Mean time per level.
                   A        B        C        D        E       F      G
               +--------+--------+--------+--------+--------+-----+--------+
         Total |   1147 |   1095 |     52 |      0 |    936 |   2 |  573.5 |
       Dungeon |   1147 |   1095 |     52 |      0 |    936 |   2 |  573.5 |
               +--------+--------+--------+--------+--------+-----+--------+

Top non-repeatable levels by time:
     D:1: 1078 daAuts
     D:2: 69 daAuts
